 Dungeon Crawl Stone Soup version 0.30-a0-29-g142975f185 (webtiles) character file.

Game seed: 12646541725811729287

6601 Iusername the Protected (level 10, -20/82 (88) HPs)
             Began as a Minotaur Fighter on Aug 26, 2022.
             Was an Initiate of Dithmenos.
             Demolished by a spectral orc warlord
             ... wielding a +0 glaive
             ... summoned by Nergalle
              (23 damage)
             ... on level 10 of the Dungeon.
             The game lasted 00:18:50 (18699 turns).

Iusername the Protected (Minotaur Fighter)         Turns: 18699, Time: 00:18:51

HP:   -20/82 (88)   AC: 19    Str: 23    XL:     10   Next: 71%
MP:   0/9           EV:  7    Int:  7    God:    Dithmenos [......]
Gold: 511           SH:  5    Dex: 10    Spells: 9/9 levels left

rFire   + . .      SeeInvis .    k - +4 mace (drain)
rCold   . . .      Faith    .    c - +0 buckler
rNeg    . . .      Spirit   +    a - +1 plate armour
rPois   .          Reflect  .    (helmet restricted)
rElec   .          Harm     .    (no cloak)
rCorr   +          Rampage  .    g - +0 pair of gloves
Will    .....                    p - +0 pair of boots
Stlth   ..........               o - amulet of guardian spirit
HPRegen 0.23/turn                f - ring of protection from fire
MPRegen 0.11/turn                z - ring of resist corrosion

@: drained
A: horns 2, retaliatory headbutt
a: Renounce Religion


You were on level 10 of the Dungeon.
You worshipped Dithmenos.
Dithmenos was noncommittal.
You visited 2 branches of the dungeon, and saw 11 of its levels.

You collected 511 gold pieces.

Inventory:

Hand Weapons
 k - a +4 mace of draining (weapon)
Missiles
 e - 2 throwing nets
 H - 13 silver boomerangs (quivered)
Armour
 a - a +1 plate armour (worn)
 c - a +0 buckler (worn)
 g - a +0 pair of gloves (worn)
 p - a +0 pair of boots (worn)
Jewellery
 f - a ring of protection from fire (left hand)
 o - an amulet of guardian spirit (around neck)
 t - a ring of wizardry
 z - a ring of resist corrosion (right hand)
 C - a ring of willpower
 E - a ring of positive energy
Wands
 b - a wand of polymorph (12)
 j - a wand of flame (24)
 A - a wand of roots (17)
Scrolls
 h - 2 scrolls of fog
 l - 5 scrolls of teleportation
 r - a scroll of amnesia
 u - a scroll of silence
 w - a scroll of poison
 x - 2 scrolls of magic mapping
 y - a scroll of noise
 D - 2 scrolls of vulnerability
 F - a scroll of blinking
Potions
 d - a potion of might
 i - 5 potions of haste {unknown}
 m - a potion of mutation {unknown}
 n - 5 potions of degeneration {unknown}
 q - 6 potions of curing
 s - a potion of flight {unknown}
 v - a potion of heal wounds {unknown}
 B - 3 potions of attraction {unknown}
 G - 2 potions of magic {unknown}
 I - a potion of resistance {unknown}
 J - a potion of cancellation {unknown}


   Skills:
 + Level 8.3 Fighting
 + Level 3.1 Long Blades
 + Level 11.4 Maces & Flails
 + Level 2.9 Throwing
 + Level 11.5 Armour
 + Level 2.0 Dodging
 + Level 2.3 Stealth
 + Level 6.9 Shields
 + Level 1.2 Evocations


You had 9 spell levels left.
You didn't know any spells.
Your spell library contained the following spells:

 Spells                   Type           Power      Damage    Failure   Level
 Magic Dart               Conj           0%         1d3       100%        1
 Slow                     Hex            0%         N/A       100%        1
 Summon Small Mammal      Summ           0%         N/A       100%        1
 Call Imp                 Summ           0%         N/A       100%        2
 Call Canine Familiar     Summ           0%         N/A       100%        3
 Confusing Touch          Hex            0%         N/A       100%        3
 Mephitic Cloud           Conj/Pois/Air  0%         N/A       100%        3
 Summon Guardian Golem    Hex/Summ       0%         N/A       100%        3
 Vampiric Draining        Necr           0%         2d6       100%        3
 Hailstorm                Conj/Ice       0%         3d3       100%        4
 Ice Form                 Ice/Tmut       0%         N/A       100%        4
 Simulacrum               Ice/Necr       0%         N/A       100%        6


Dungeon Overview and Level Annotations

Branches:
Dungeon (10/15)            Temple (1/1) D:6
   Lair: D:8-11         Orc: D:9-12

Altars:
Ashenzari
Cheibriados
Dithmenos
Elyvilon
Fedhas
Gozag
Hepliaklqana
Kikubaaqudgha
Makhleb
Nemelex Xobeh
Okawaru
Qazlal
Ru
Sif Muna
Trog
Uskayaw
Vehumet
Wu Jian
Xom
Yredelemnul
Zin
The Shining One

Shops:
D:8 *

Annotations:
D:10 Nergalle


Innate Abilities, Weirdness & Mutations

You have a pair of horns on your head.
You reflexively headbutt those who attack you in melee.


Message History

You block Nergalle's attack.
The spectral orc warlord hits you from afar with a +0 glaive!
You feel drained.
You hit Nergalle but do no damage.
You headbutt Nergalle, but do no damage.
Nergalle is lightly wounded.
Nergalle hits you but does no damage.
The spectral orc warlord hits you but does no damage.
You sock Nergalle! You drain Nergalle.
Nergalle is moderately wounded.
Nergalle hits you but does no damage.
You hit Nergalle. Your headbutt misses Nergalle.
Nergalle is moderately wounded.
The spectral orc warlord hits you from afar with a +0 glaive!!
You sock Nergalle!
Nergalle is heavily wounded.
Nergalle casts a spell at you.
Orcish apparitions take form around you.
The spectral orc warlord hits you from afar with a +0 glaive!
You feel drained.
You hit Nergalle but do no damage.
Nergalle is heavily wounded.
Nergalle hits you but does no damage.
The spectral orc warlord hits you from afar with a +0 glaive!
You completely miss Nergalle. Your headbutt misses Nergalle.
Nergalle is heavily wounded.
The spectral orc warrior hits you from afar with a +0 glaive.
You feel drained. Nergalle hits you but does no damage.
The spectral orc warlord hits you from afar with a +0 glaive!!
* * * LOW HITPOINT WARNING * * *
You feel better.
The spectral orc knight hits you with a +0 great sword!
* * * LOW HITPOINT WARNING * * *
The spectral orc warrior barely misses you.
The spectral orc warrior unwields a +0 arbalest.
The spectral orc warrior hits you.
* * * LOW HITPOINT WARNING * * *
Nergalle hits you but does no damage.
The spectral orc warlord hits you from afar with a +0 glaive!!
You die...

....+........#......
.).#........#...... ####
..#........#......
....###'#...>....######'
........................
........................
.....Z..................
......Zo..#######.#####'
.......@Z.# #.#.....
..........# #.#.....
.......Z..# #.#.....
..........# #.#.....
+##+####..## #.#.....
#...#... #...# #.######
#...#..# #...# #.......
###...#..+ #...#
#....... ......#..#
#...# #.......


You could see Nergalle (drained), 2 spectral orc warriors, a spectral orc knight
(summoned) and a spectral orc warlord (summoned).

Vanquished Creatures
  3 two-headed ogres
  Pikel (D:9)
  Psyche (D:8)
  Prince Ribbit (D:7)
  2 trolls (D:10)
  A hornet (D:9)
  2 wyverns
  2 steam dragons
  2 water moccasins
  An ice beast (D:5)
  2 sky beasts (D:8)
  A black bear (D:7)
  An ogre (D:6)
  3 centaurs
  2 kobold brigands
  Blork the orc (D:6)
  4 bullfrogs
  4 scorpions
  9 wights
  3 howler monkeys
  2 hounds
  2 jellies (D:6)
  An orc priest (D:5)
  Jessica (D:2)
  3 iguanas
  3 orc wizards
  8 gnolls
  3 adders
  A shadow imp (D:8)
  2 white imps
  An ufetubus (D:6)
  8 worms
  2 dart slugs
  23 orcs
  5 endoplasms
  14 giant cockroaches
  5 goblins
  8 hobgoblins
  2 jackals (D:2)
  6 quokkas
  7 ball pythons
  7 bats
  6 frilled lizards
  A goblin zombie (D:4)
  12 kobolds
  6 rats
  A rat zombie (D:4)
186 creatures vanquished.

Vanquished Creatures (others)
  A worm (D:8)
  4 plants
5 creatures vanquished.

Grand Total: 191 creatures vanquished

Notes
Turn   | Place    | Note
-------+----------+-------------------------------------------
     0 | D:1      | Iusername the Minotaur Fighter began the quest for the Orb.
     0 | D:1      | Reached XP level 1. HP: 19/19 MP: 0/0
   216 | D:1      | Reached XP level 2. HP: 27/27 MP: 1/1
   840 | D:2      | Reached XP level 3. HP: 33/33 MP: 2/2
  1001 | D:2      | Noticed Jessica
  1004 | D:2      | Killed Jessica
  1005 | D:2      | Reached skill level 1 in Maces & Flails
  1178 | D:2      | Reached XP level 4. HP: 41/41 MP: 3/3
  1295 | D:2      | Reached skill level 1 in Dodging
  1370 | D:2      | Identified the +2 robe "Cuenelats" {rF+ Dex+2}
  2164 | D:3      | Found a hazy altar of Hepliaklqana.
  2330 | D:3      | Found a bloodstained altar of Trog.
  2437 | D:3      | Found a faded altar of an unknown god.
  2443 | D:3      | Reached XP level 5. HP: 40/47 MP: 2/4
  2911 | D:3      | Found a shimmering altar of Xom.
 10166 | D:4      | Found a sand-covered staircase.
 10719 | D:4      | Reached skill level 5 in Armour
 10814 | D:4      | Reached XP level 6. HP: 53/53 MP: 5/5
 10854 | D:4      | Identified the +1 scale mail "Secet" {Regen+ rCorr}
 10959 | D:5      | Entered Level 5 of the Dungeon
 11279 | D:5      | Found an iron altar of Okawaru.
 12005 | D:5      | Reached XP level 7. HP: 53/60 MP: 4/6
 12320 | D:5      | Reached skill level 5 in Fighting
 12320 | D:5      | Reached skill level 5 in Shields
 12377 | D:5      | Found an ancient bone altar of Kikubaaqudgha.
 12669 | D:6      | Noticed Blork the orc
 12675 | D:6      | Killed Blork the orc
 12764 | D:6      | Found a staircase to the Ecumenical Temple.
 12780 | D:6      | Reached skill level 5 in Maces & Flails
 12798 | Temple   | Entered the Ecumenical Temple
 13084 | D:6      | Reached XP level 8. HP: 65/70 MP: 5/7
 13123 | D:6      | Reached skill level 1 in Stealth
 13671 | D:7      | Noticed Prince Ribbit
 13682 | D:7      | Killed Prince Ribbit
 14043 | D:7      | Found a shimmering blue altar of Sif Muna.
 14067 | D:7      | Reached XP level 9. HP: 78/78 MP: 8/8
 14413 | D:7      | Found a broken altar of Ashenzari.
 15142 | D:8      | Found an ornate altar of the Wu Jian Council.
 15185 | D:8      | Noticed a two-headed ogre
 15196 | D:8      | Killed a two-headed ogre
 15197 | D:8      | Reached skill level 10 in Armour
 15852 | D:8      | Found a snail-covered altar of Cheibriados.
 16043 | D:8      | Found Ixachyxt's Demolitions Depot.
 16170 | D:8      | Found an opulent altar of Gozag.
 16226 | D:8      | Noticed Psyche
 16235 | D:8      | Killed Psyche
 16236 | D:8      | Reached skill level 10 in Maces & Flails
 16476 | D:8      | Found a glowing golden altar of the Shining One.
 16580 | D:9      | Paralysed by a hornet for 2 turns
 16598 | D:9      | Reached XP level 10. HP: 46/86 MP: 7/9
 16776 | D:9      | Noticed a two-headed ogre
 16788 | D:9      | Killed a two-headed ogre
 16789 | D:9      | Reached skill level 1 in Throwing
 17119 | D:9      | Noticed Pikel
 17132 | D:9      | Killed Pikel
 17133 | D:9      | Reached skill level 1 in Evocations
 17355 | D:9      | Noticed a two-headed ogre
 17365 | D:9      | Killed a two-headed ogre
 17793 | D:9      | Found a radiant altar of Vehumet.
 18096 | D:10     | Entered Level 10 of the Dungeon
 18533 | D:10     | Found a shadowy altar of Dithmenos.
 18541 | D:10     | Became a worshipper of Dithmenos the Shadowed
 18641 | D:10     | Identified the +1 ring mail of Furial {rPois rF++}
 18681 | D:10     | Noticed Nergalle
 18690 | D:10     | Noticed a spectral orc warlord
 18699 | D:10     | HP: 3/82 [spectral orc warrior[Nergalle] (4)]
 18699 | D:10     | Demolished by a spectral orc warlord

Illustrated notes

Levels and vault maps discovered:
D:1:      dpeg_arrival_tiny_c, layout_rooms, serial_curves, eino_curves_02,
          eino_curves_01, eino_curves_02, serial_bayou_lagoon_b
D:2:      minmay_roachtagon, layout_basic, cheibrodos_gnoll_hut, uniq_jessica
D:3:      minmay_diamond_boxcup, layout_basic, trog_book, old_standard_altar,
          lemuel_round_altar, serial_aquarium, aquarium_bridge_straight
          [aquarium_subvault_bridge, aquarium_subvault_wall,
          aquarium_subvault_bridge, aquarium_subvault_window],
          aquarium_window_2, aquarium_window_fake, aquarium_window_1,
          aquarium_window_fake, aquarium_view_2a, aquarium_balcony_3b,
          aquarium_pool_1, hellmonk_ecumenical_altar_blasted,
          corexii_leaking_fountain
D:4:      layout_basic, enter_ossuary_4
D:5:      layout_rooms, mainiacjoe_overflow_six_doors_small, okawaru_trees_2,
          nicolae_wormholes
D:6:      layout_gridville, minmay_temple_entry_gardened_gates,
          uniq_blork_the_orc
D:7:      layout_basic, evilmike_ruin_ashenzari, mainiacjoe_overflow_boulevard,
          nicolae_figureground_pulse, uniq_prince_ribbit1
D:8:      layout_gridville, cheibriados_altar_1, grunt_gozag_statues, tso_altar,
          nicolae_wu_jian_wuxing_cycle, nicolae_blasting_shop,
          minmay_unpleasant_kobolds, uniq_psyche
D:9:      layout_cave_pools, vehumet_altar_wand_db, small_statue_alley_b,
          nicolae_underground_beach, uniq_pikel
D:10:     minmay_statue_hallways, layout_irregular_city, lemuel_crystal_altar,
          uniq_nergalle
Temple:   kb_temple_of_zot

Skill      XL: |  1  2  3  4  5  6  7  8  9 10 |
---------------+-------------------------------+-----
Fighting       | 4 5 6 7 8 |  8.3
Shields        | 4 5 6 |  6.9
Armour         | 4 5 6 7 9 10 11 | 11.5
Long Blades    | 3 |  3.1
Maces & Flails | 1 2 4 5 7 10 11 | 11.4
Dodging        | 1 2 |  2.0
Stealth        | 2 |  2.3
Throwing       | 2 |  2.9
Evocations     | 1 |  1.2

Action                   |  1- 3 |  4- 6 |  7- 9 | 10-12 || total
-------------------------+-------+-------+-------+-------++-------
Melee: Long sword        |    20 |       |       |       ||    20
       Headbutt          |     9 |    18 |    35 |    13 ||    75
       Mace              |    43 |   159 |   194 |    78 ||   474
Throw: Boomerang         |       |       |    13 |    19 ||    32
Evoke: Wand              |       |       |     5 |       ||     5
  Use: Potion            |       |     1 |     1 |     1 ||     3
       Scroll            |       |       |    15 |     1 ||    16
Armor: Scale mail        |    26 |    11 |       |       ||    37
       Plate armour      |       |   141 |   129 |    46 ||   316
Dodge: Dodged            |    35 |    67 |    66 |    25 ||   193
Block: Buckler           |    17 |    46 |    43 |    27 ||   133

Table legend: (Time is in decaauts)
 A = Elapsed time spent in this place.
 B = Non-inter-level travel time spent in this place.
 C = Inter-level travel time spent in this place.
 D = Time resting spent in this place.
 E = Time spent auto-exploring this place.
 F = Levels seen in this place.
 G = Mean time per level.
                   A        B        C        D        E       F      G
               +--------+--------+--------+--------+--------+-----+--------+
         Total |  18796 |  18583 |    213 |  10973 |   5988 |  11 | 1708.7 |
       Dungeon |  18586 |  18427 |    159 |  10973 |   5839 |  10 | 1858.6 |
        Temple |    209 |    155 |     54 |      0 |    149 |   1 |  209.0 |
               +--------+--------+--------+--------+--------+-----+--------+

Top non-repeatable levels by time:
     D:3: 8420 daAuts
     D:8: 2007 daAuts
     D:5: 1694 daAuts
     D:9: 1560 daAuts
     D:2: 1042 daAuts
     D:4: 913 daAuts
     D:7: 892 daAuts
     D:6: 800 daAuts
     D:1: 654 daAuts
    D:10: 601 daAuts
  Temple: 209 daAuts
